 Dungeon Crawl Stone Soup version 0.21-a0-344-g2144152 (webtiles) character file.

25 Amnesiac the Skirmisher (level 3, 35/35 HPs)
             Began as a Gnoll Monk on Oct 4, 2017.
             Quit the game on level 2 of the Dungeon.
             The game lasted 00:00:54 (1180 turns).

Amnesiac the Skirmisher (Gnoll Monk)                Turns: 1180, Time: 00:00:54

Health: 35/35      AC:  2    Str: 14    XL:     3   Next: 6%
Magic:  3/3        EV: 16    Int: 12    God:
Gold:   85         SH:  0    Dex: 17    Spells: 3/3 levels left

rFire    . . .     SeeInvis .   n - -1 dagger (curse)
rCold    . . .     Gourm    .   (no shield)
rNeg     . . .     Faith    .   b - +0 robe
rPois    .         Spirit   .   (no helmet)
rElec    .         Reflect  .   (no cloak)
rCorr    .         Harm     .   (no gloves)
MR       .....                  (no boots)
Stlth    +++.......             (no amulet)
HPRegen  0.11/turn              (no ring)
MPRegen  0.08/turn              (no ring)

@: no status effects
A: distributed training, fangs 1, strong nose
a: no special abilities


You were on level 2 of the Dungeon.
You were not hungry.

You visited 1 branch of the dungeon, and saw 2 of its levels.

You collected 85 gold pieces.

Inventory:

Hand Weapons
 a - a +0 spear
 n - a cursed -1 dagger (weapon)
Armour
 b - a +0 robe (worn)
Scrolls
 e - a scroll of enchant weapon {!r, unknown}
 f - a scroll of remove curse {!r, unknown}
 g - a scroll of immolation {!r, unknown}
 h - 2 scrolls of identify {!r, unknown}
 j - a scroll of fear {!r, unknown}
 l - a scroll of teleportation {!r, unknown}
Potions
 d - a potion of mutation {!q, unknown}
 i - a potion of invisibility {!q, unknown}
 k - a potion of magic {!q, unknown}
Comestibles
 c - 3 bread rations
 m - a meat ration


   Skills:
 + Level 6.5 Fighting
 + Level 0.5 Short Blades
 + Level 0.5 Long Blades
 + Level 0.5 Axes
 + Level 0.5 Maces & Flails
 + Level 6.5 Polearms
 + Level 0.5 Staves
 + Level 0.5 Slings
 + Level 0.5 Bows
 + Level 0.5 Crossbows
 + Level 0.5 Throwing
 + Level 0.5 Armour
 + Level 6.5 Dodging
 + Level 4.1 Stealth
 + Level 0.5 Shields
 + Level 0.5 Unarmed Combat
 + Level 0.5 Spellcasting
 + Level 0.5 Conjurations
 + Level 0.5 Hexes
 + Level 0.5 Charms
 + Level 0.5 Summonings
 + Level 0.5 Necromancy
 + Level 0.5 Translocations
 + Level 0.5 Transmutations
 + Level 0.5 Fire Magic
 + Level 0.5 Ice Magic
 + Level 0.5 Air Magic
 + Level 0.5 Earth Magic
 + Level 0.5 Poison Magic
 + Level 0.5 Invocations
 + Level 0.5 Evocations


You had 3 spell levels left.
You didn't know any spells.

Dungeon Overview and Level Annotations

Branches:
Dungeon (2/15)

Altars:
Dithmenos


Innate Abilities, Weirdness & Mutations

Your experience applies equally to all skills.
You have very sharp teeth.
Your uncanny sense of smell can sniff out nearby items.


Message History

The hobgoblin is heavily wounded.
The hobgoblin hits you with a club.
You barely miss the hobgoblin.
The hobgoblin is heavily wounded.
The hobgoblin misses you.
You hit the hobgoblin.
You kill the hobgoblin!
You have reached level 3!
Your experience leads to an increase in your attributes!
Increase (S)trength, (I)ntelligence, or (D)exterity?
You feel stronger.
You see here a club.
Found 18 bolts.
The bat is too close now for your liking.
A bat is nearby!
Attack whom?
Press: ? - help, Dir - move target cursor, f - bat
Aim: a bat (resting)
You reach to attack!
The helpless bat fails to defend itself.
You hit the bat.
The bat is heavily wounded.
The bat barely misses you.
Attack whom?
Press: ? - help, Dir - move target cursor, f/p - bat
Aim: a bat (heavily wounded)
You reach to attack!
You miss the bat.
The bat is heavily wounded.
The bat closely misses you.
You hit the bat but do no damage.
The bat is heavily wounded.
The bat hits you. The bat barely misses you. The bat closely misses you.
You hit the bat.
You kill the bat!
No target in view!
No target in view!
You see here a bat corpse.
You butcher the bat corpse.
n - a chunk of flesh
Things that are here:
a dagger; a kobold skeleton Key pressed, stopping explore.
You see here 3 stones.
You see here a stone.
Eating a chunk of flesh.
You eat the chunk of flesh.
This raw flesh tastes terrible.
Done exploring.
Done exploring.
Done exploring.
Search for what [? for help]? dag You see here a dagger.
n - a dagger Wield which item (- for none, * to show all)? (? for menu, Esc to quit)
It sticks to your hand!
n - a cursed -1 dagger (weapon)
There is an escape hatch in the floor here.
You slide downwards.
The hatch slams shut behind you.
Found 9 gold pieces.
Found a shadowy altar of Dithmenos.
A hobgoblin comes into view. It is wielding a club.
You see here 9 gold pieces.
You now have 85 gold pieces (gained 9).
Are you sure you want to abandon this character and quit the game? (Confirm with "yes".)

#.......# ...
#.......# ....
#.......# ...
#.......# ...
#.......####.#
#............#
#............#
∆
#####........#
#....@...#
#........#
...........#
........§§§+
.........§§§#
........§§ .#
.......§§ .#
...g...


You could see a hobgoblin (sleeping).

Vanquished Creatures
  3 dart slugs (D:1)
  A giant cockroach (D:1)
  3 goblins (D:1)
  2 hobgoblins (D:1)
  5 kobolds (D:1)
  A ball python (D:1)
  2 bats (D:1)
  A frilled lizard (D:1)
  A rat (D:1)
19 creatures vanquished.

Notes
Turn   | Place    | Note
-------+----------+-------------------------------------------
     0 | D:1      | Amnesiac the Gnoll Monk began the quest for the Orb.
     0 | D:1      | Reached XP level 1. HP: 23/23 MP: 1/1
   135 | D:1      | Reached XP level 2. HP: 12/29 MP: 2/2
   833 | D:1      | Reached XP level 3. HP: 26/35 MP: 3/3
  1176 | D:2      | Found a shadowy altar of Dithmenos.
  1180 | D:2      | Quit the game

Vault maps used:
D:1:      lightli_iron_boxes, serial_co_window_serial, co_window_paths_b,
          co_window_corner_a, co_window_corner_a, co_window_corner_a,
          co_window_cross_1, co_window_paths_a, co_window_paths_b,
          co_window_corner_b, co_window_of_opportunity_b, co_window_corner_b,
          co_window_2corner, co_window_cross_2, co_window_broadway_b,
          co_window_of_opportunity_b, glass_columns_a, glass_columns_a,
          glass_columns_b
D:2:      grunt_dithmenos_smoke, chequers_ecumenical_altar_island

Action                   || total
-------------------------++-------
Melee: Spear             ||    69
       Bite              ||    11
 Stab: Sleeping          ||     8
  Eat: Chunk             ||     1
Armor: Robe              ||     6
Dodge: Dodged            ||    33

Table legend:
 A = Spawn XP
 B = Non-spawn XP
 C = Spawn XP percentage of total XP
 D = Spawn monster count
 E = Non-spawn monster count
 F = Spawn count percentage of total count
 G = Total turns spent on level
                    A         B        C        D         E        F      G
               +---------+---------+-------+---------+---------+-------+---------
         Total |       0 |      37 |   0.0 |       0 |      19 |   0.0 |  1180
               +---------+---------+-------+---------+---------+-------+---------
           D:1 |       0 |      37 |   0.0 |       0 |      19 |   0.0 |  1174
               +---------+---------+-------+---------+---------+-------+---------
